 Dungeon Crawl Stone Soup version 0.27-a0-1573-g51fae8a (webtiles) character file.

Game seed: 1641373030919804235

12 Illumine the Sneak (level 2, 0/15 HPs)
             Began as a Deep Elf Enchanter on July 16, 2021.
             Slain by a jackal (2 damage)
             ... on level 1 of the Dungeon.
             The game lasted 00:01:29 (484 turns).

Illumine the Sneak (Deep Elf Enchanter)              Turns: 484, Time: 00:01:29

Health: 0/15       AC:  3    Str:  5    XL:     2   Next: 20%
Magic:  6/8        EV: 12    Int: 19    God:
Gold:   30         SH:  0    Dex: 15    Spells: 6/7 levels left

rFire    . . .     SeeInvis .   a - +1 dagger
rCold    . . .     Faith    .   (no shield)
rNeg     . . .     Spirit   .   b - +0 robe
rPois    .         Reflect  .   (no helmet)
rElec    .         Harm     .   (no cloak)
rCorr    .         Rampage  .   (no gloves)
Will     .....                  c - +0 pair of boots
Stlth    +++.......             (no amulet)
HPRegen  0.05/turn              (no ring)
MPRegen  0.11/turn              (no ring)

@: no status effects
A: no striking features
a: no special abilities


You were on level 1 of the Dungeon.
You visited 1 branch of the dungeon, and saw 1 of its levels.

You collected 30 gold pieces.

Inventory:

Hand Weapons
 a - a +1 dagger (weapon)
Missiles
 d - 15 stones
Armour
 b - a +0 robe (worn)
 c - a +0 pair of boots (worn)
Potions
 e - a potion of magic {unknown}


   Skills:
 + Level 1.7 Short Blades
 - Level 2.4 Dodging
 + Level 4.2 Stealth
 - Level 3.0 Spellcasting
 - Level 4.0 Hexes


You had 6 spell levels left.
You knew the following spells:

 Your Spells              Type           Power      Damage    Failure   Level
a - Corona                Hex            20%        N/A       3%          1

Your spell library contained the following spells:

 Spells                   Type           Power      Damage    Failure   Level
 Confusing Touch          Hex            18%        N/A       9%          3
 Tukima's Dance           Hex            18%        N/A       9%          3
 Ensorcelled Hibernation  Hex/Ice        20%        N/A       10%         2
 Dazzling Flash           Conj/Hex       20%        N/A       21%         3


Dungeon Overview and Level Annotations

Branches:
Dungeon (1/15)

Altars:


Message History

The jackal barely misses you. The jackal closely misses you.
Casting: Corona (safe; 3% risk of failure)
Confirm with . or Enter, or press ? or * to list all spells.
Aiming: Corona (safe; 3% risk of failure)
Press: ? - help, Shift-Dir - straight line, f - jackal
Aim: a jackal (chance to affect: 73%)
The jackal is outlined in light.
The jackal bites you. The jackal barely misses you.
You hit the jackal but do no damage.
The jackal bites you but does no damage.
You hit the jackal but do no damage.
The jackal bites you but does no damage.
You barely miss the jackal.
The jackal bites you but does no damage.
You barely miss the jackal. The jackal closely misses you.
The jackal bites you.
You completely miss the jackal.
The jackal bites you but does no damage.
The jackal stops glowing.
The jackal closely misses you.
You see here a fuming golden potion.
The jackal misses you.
Casting: Corona (safe; 3% risk of failure)
Confirm with . or Enter, or press ? or * to list all spells.
Aiming: Corona (safe; 3% risk of failure)
Press: ? - help, Shift-Dir - straight line, f/p - jackal
Aim: a jackal (chance to affect: 73%)
The jackal barely resists.
The jackal barely misses you.
Casting: Corona (safe; 3% risk of failure)
Confirm with . or Enter, or press ? or * to list all spells.
Aiming: Corona (safe; 3% risk of failure)
Press: ? - help, Shift-Dir - straight line, f/p - jackal
Aim: a jackal (chance to affect: 73%)
The jackal is outlined in light.
The jackal barely misses you. The jackal bites you.
You hit the jackal but do no damage. The jackal bites you.
* * * LOW HITPOINT WARNING * * *
You barely miss the jackal. The jackal barely misses you. The jackal bites you.
You die...

........# #.#.#
........# #.#.#
........# #.#h#
........# #.#.#
........# #.#.# #.#.#
#.#.#
#.#.###.#.####.#
#..............#
###@##..#.###..#
#h##h.#.# #
.######h##.##.# #
......#.##.##.###..#.
........!.h..........
.######.##.##.###..#.
#.......# #
######.#####.###...
.........?hh.........


You could see 2 jackals.

Vanquished Creatures
  A ball python (D:1)
  2 bats (D:1)
  An endoplasm (D:1)
  2 hobgoblins (D:1)
  2 jackals (D:1)
  A frilled lizard (D:1)
  A kobold (D:1)
  A rat (D:1)
11 creatures vanquished.

Notes
Turn   | Place    | Note
-------+----------+-------------------------------------------
     0 | D:1      | Illumine the Deep Elf Enchanter began the quest for the
                  | Orb.
     0 | D:1      | Reached XP level 1. HP: 10/10 MP: 6/6
   396 | D:1      | Reached XP level 2. HP: 15/15 MP: 8/8
   484 | D:1      | Slain by a jackal

Illustrated notes

Levels and vault maps discovered:
D:1:      mrwooster_arrival_arrow, layout_basic

Skill      XL: |  1 |
---------------+----+-----
Stealth        | 4 |  4.2
Short Blades   | |  1.7
Dodging        | |  2.4
Spellcasting   | |  3.0
Hexes          | |  4.0

Action                   || total
-------------------------++-------
Melee: Dagger            ||    47
 Cast: Corona            ||    13
 Stab: Sleeping          ||     2
Armor: Robe              ||    14
Dodge: Dodged            ||    38

Table legend: (Time is in decaauts)
 A = Elapsed time spent in this place.
 B = Non-inter-level travel time spent in this place.
 C = Inter-level travel time spent in this place.
 D = Time resting spent in this place.
 E = Time spent auto-exploring this place.
 F = Levels seen in this place.
 G = Mean time per level.
                   A        B        C        D        E       F      G
               +--------+--------+--------+--------+--------+-----+--------+
         Total |    480 |    480 |      0 |    170 |    113 |   1 |  480.0 |
       Dungeon |    480 |    480 |      0 |    170 |    113 |   1 |  480.0 |
               +--------+--------+--------+--------+--------+-----+--------+

Top non-repeatable levels by time:
     D:1: 480 daAuts
